General information
- name: BNet
- type: Ladder team game (AT/RT)
- host: Battle.net
- saver: ICan'tMove!
map: DragonFalls
- players: 8
- length: 05:55
- speed: Fast
- version: 1.28 W3XP
- replay type: Public
» download(49 KB)
Players
team 1 (winner)
CalmDownSon (
purple | 68 APM | 404 actions | 05:55)
3 Goblin Tinker
2 Pocket Factory
1 Engineering Upgrade
» actions
| Assign group hotkey | 5 | |
| Build / train | 29 | |
| Enter build submenu | 8 | |
| Enter hero's abilities submenu | 3 | |
| Right click | 239 | |
| Select / deselect | 97 | |
| Select group hotkey | 5 | |
| Use ability | 18 | |
404 total
» units
» buildings
| Moon Well | 3 | |
| Ancient of War | 2 | |
| Altar of Elders | 1 | |
| Tree of Ages | 3 | |
| Tree of Life | 1 | |
| Hunter's Hall | 1 | |
11 total
» build order
00:19 Moon Well
00:35 Ancient of War
01:11 Altar of Elders
01:19 Moon Well
02:38 Moon Well
02:41 Ancient of War
03:36 Tree of Ages
03:36 Tree of Ages
03:36 Tree of Ages
04:48 Tree of Life
05:19 Hunter's Hall
» items

»
seph (
green | 71 APM | 420 actions | 05:55)
2 Death Knight
1 Death Coil
1 Unholy Aura
» actions
| Assign group hotkey | 2 | |
| Basic commands | 10 | |
| Build / train | 15 | |
| Enter build submenu | 10 | |
| Enter hero's abilities submenu | 2 | |
| Right click | 156 | |
| Select / deselect | 197 | |
| Select group hotkey | 11 | |
| Use ability | 17 | |
420 total
» units
| Acolyte | 3 | |
| Ghoul | 2 | |
| Crypt Fiend | 4 | |
9 total
» buildings
| Altar of Darkness | 1 | |
| Ziggurat | 2 | |
| Crypt | 1 | |
| Graveyard | 1 | |
| Tomb of Relics | 1 | |
| Nerubian Tower | 1 | |
| Halls of the Dead | 1 | |
| Necropolis | 1 | |
9 total
» build order
00:06 Altar of Darkness
00:13 Ziggurat
00:39 Crypt
00:59 Graveyard
01:15 Tomb of Relics
01:32 Ziggurat
01:50 Nerubian Tower
04:24 Halls of the Dead
05:02 Necropolis
» items

»
Scarletworm (
teal | 36 APM | 211 actions | 05:55)
1 Archmage
1 Summon Water Elemental
» actions
| Assign group hotkey | 12 | |
| Basic commands | 7 | |
| Build / train | 20 | |
| Enter build submenu | 15 | |
| Enter hero's abilities submenu | 1 | |
| Right click | 59 | |
| Select / deselect | 56 | |
| Select group hotkey | 26 | |
| Use ability | 15 | |
211 total
» units
» upgrades
» buildings
| Altar of Kings | 1 | |
| Farm | 4 | |
| Scout Tower | 3 | |
| Arcane Tower | 2 | |
| Barracks | 1 | |
| Keep | 1 | |
| Arcane Vault | 1 | |
| Blacksmith | 1 | |
| Lumber Mill | 1 | |
15 total
» build order
00:11 Altar of Kings
00:20 Farm
00:55 Farm
01:04 Scout Tower
01:32 Arcane Tower
02:02 Barracks
02:46 Farm
03:47 Scout Tower
03:48 Keep
03:53 Farm
04:12 Arcane Vault
04:59 Blacksmith
05:08 Lumber Mill
05:20 Arcane Tower
05:26 Scout Tower

»
01dsk1h011yw00d (
red | 40 APM | 237 actions | 05:55)
2 Demon Hunter
1 Immolation
1 Evasion
» actions
| Assign group hotkey | 6 | |
| Build / train | 20 | |
| Enter build submenu | 9 | |
| Enter hero's abilities submenu | 2 | |
| Right click | 72 | |
| Select / deselect | 55 | |
| Select group hotkey | 59 | |
| Use ability | 14 | |
237 total
» units
» buildings
| Altar of Elders | 1 | |
| Moon Well | 4 | |
| Ancient of War | 1 | |
| Hunter's Hall | 1 | |
| Tree of Ages | 1 | |
8 total
» build order
00:06 Altar of Elders
00:09 Moon Well
01:14 Ancient of War
01:47 Hunter's Hall
02:18 Moon Well
03:03 Tree of Ages
03:27 Moon Well
04:23 Moon Well
team 2 (loser)
GeX (
pink | 42 APM | 223 actions | 05:19)
2 Far Seer
1 Feral Spirit
1 Chain Lighting
» actions
| Assign group hotkey | 18 | |
| Basic commands | 11 | |
| Build / train | 19 | |
| Enter build submenu | 6 | |
| Enter hero's abilities submenu | 2 | |
| Right click | 59 | |
| Select / deselect | 59 | |
| Select group hotkey | 36 | |
| Use ability | 13 | |
223 total
» units
» buildings
| Altar of Storms | 1 | |
| Barracks | 1 | |
| Orc Burrow | 2 | |
| Voodoo Lounge | 1 | |
| Stronghold | 1 | |
| War Mill | 1 | |
7 total
» build order
00:07 Altar of Storms
00:11 Barracks
00:19 Orc Burrow
01:55 Orc Burrow
02:19 Voodoo Lounge
03:49 Stronghold
03:57 War Mill
» items

»
johnl5r3w9 (
orange | 140 APM | 551 actions | 03:56)
1 Paladin
1 Holy Light
» actions
| Assign group hotkey | 5 | |
| Basic commands | 8 | |
| Build / train | 23 | |
| ESC pressed | 2 | |
| Enter build submenu | 8 | |
| Enter hero's abilities submenu | 1 | |
| Right click | 122 | |
| Select / deselect | 73 | |
| Select group hotkey | 297 | |
| Use ability | 12 | |
551 total
» units
» buildings
| Barracks | 1 | |
| Altar of Kings | 1 | |
| Farm | 3 | |
| Keep | 2 | |
7 total
» build order
00:05 Barracks
00:09 Altar of Kings
00:13 Farm
01:11 Farm
02:25 Farm
03:15 Keep
03:15 Keep
ICan'tMove! (
yellow | 3 APM | 15 actions | 05:55)
» actions
| Basic commands | 1 | |
| Select / deselect | 11 | |
| Use ability | 3 | |
15 total
BebitoLindo (
blue | 36 APM | 202 actions | 05:37)
2 Blademaster
1 Wind Walk
1 Critical Strike
» actions
| Assign group hotkey | 7 | |
| Basic commands | 6 | |
| Build / train | 10 | |
| Enter build submenu | 6 | |
| Enter hero's abilities submenu | 2 | |
| Right click | 77 | |
| Select / deselect | 70 | |
| Select group hotkey | 15 | |
| Use ability | 9 | |
202 total
» units
» upgrades
» buildings
| Altar of Storms | 1 | |
| Orc Burrow | 2 | |
| Barracks | 1 | |
| Stronghold | 1 | |
| War Mill | 1 | |
6 total
» build order
00:11 Altar of Storms
00:14 Orc Burrow
00:29 Barracks
02:29 Orc Burrow
02:59 Stronghold
03:27 War Mill
Chat log
(00:16 / Allies) johnl5r3w9: sup bnros
(00:17 / Allies) johnl5r3w9: plan untis?
(00:19 / Allies) BebitoLindo: hiya
(00:30 / All) ICan'tMove!: Ack! A terrible affliction has been set upon me! I cannot move! What sorcerer has cursed me thus?
(00:43 / All) seph: its pretty cool your level 4
(00:44 / Allies) GeX: comon man
(00:48 / All) seph: w/ that disadvantage
(00:59 / All) CalmDownSon: hey guys i got a new bullring balls piercing
(01:20 / All) ICan'tMove!: My limbs feel as heavy as marble! I feel as weighted as Atlas!
(01:21 / Allies) BebitoLindo: im gunna go grunts, cats, shamz
(01:45 / All) CalmDownSon: you been readint oo much harry potter
(02:03 / Allies) GeX: yeah we will have to do without him
(02:08 / Allies) BebitoLindo: -_-
(02:36 / Allies) GeX: toxic assholes in wc3 for damn near 20 years now
(02:49 / Allies) BebitoLindo: just came back after about 10 myself
(03:38 / Allies) GeX: why do you even play this yellow if youre just gonna do that
(03:42 / Allies) GeX: play vs computers
(04:06 / Allies) ICan'tMove!: Can I be blamed for an evil magic cast against me?
(04:08 / Allies) BebitoLindo: well, shit
(04:21 / Allies) GeX: its not funny man
(04:24 / Allies) GeX: just an asshole thing to do
(04:28 / Allies) BebitoLindo: very true
(04:36 / Allies) BebitoLindo: i think ill try my luck elsewhere
(04:48 / Allies) ICan'tMove!: Indeed, the witch that cursed me is nothing but a cunt!
(05:10 / All) GeX: fuck it
(05:17 / All) GeX: he literally is sitting there doing nothing
(05:27 / All) BebitoLindo: an afk :/
(05:51 / All) ICan'tMove!: Now my allies abandon me! I will surely perish!